 Dungeon Crawl Stone Soup version 0.28-b1-25-g9875b3fc8c (webtiles) character file.

Game seed: 12074065991751528161

79 rocky1 the Chopper (level 4, 37/37 HPs)
             Began as a Minotaur Gladiator on Feb 2, 2022.
             Was a Believer of Ru.
             Quit the game on level 3 of the Dungeon on Feb 3, 2022.
             The game lasted 00:04:19 (1818 turns).

rocky1 the Chopper (Minotaur Gladiator)             Turns: 1818, Time: 00:04:19

Health: 37/37      AC:  6    Str: 21    XL:     4   Next: 16%
Magic:  3/3        EV: 10    Int:  5    God:    Ru [**....]
Gold:   72         SH:  0    Dex: 11    Spells: 3/3 levels left

rFire   . . .      SeeInvis .   a - +0 war axe
rCold   . . .      Faith    .   (no shield)
rNeg    . . .      Spirit   .   e - +0 scale mail
rPois   .          Reflect  .   c - +0 hat
rElec   .          Harm     .   (no cloak)
rCorr   .          Rampage  .   (no gloves)
Will    .....                   (no boots)
Stlth   ..........              (no amulet)
HPRegen 0.12/turn               (no ring)
MPRegen 0.08/turn               (no ring)

@: no status effects
A: horns 2, inability to use devices, retaliatory headbutt
a: Renounce Religion


You were on level 3 of the Dungeon.
You worshipped Ru.
Ru was pleased with you.
You visited 1 branch of the dungeon, and saw 3 of its levels.

You collected 72 gold pieces.

Inventory:

Hand Weapons
 a - a +0 war axe (weapon)
Missiles
 d - 3 throwing nets (quivered)
 k - 2 javelins
Armour
 c - a +0 hat (worn)
 e - a +0 scale mail (worn)
Scrolls
 b - a scroll of teleportation {unknown}
 f - a scroll of enchant weapon {unknown}
 i - a scroll of immolation {unknown}
 j - a scroll of magic mapping {unknown}
Potions
 g - 3 potions of curing {unknown}
 h - a potion of invisibility {unknown}


   Skills:
 - Level 2.4 Fighting
 + Level 6.1 Axes
 - Level 2.0 Throwing
 - Level 3.2 Dodging


You had 3 spell levels left.
You didn't know any spells.
Your spell library was empty.

Dungeon Overview and Level Annotations

Branches:
Dungeon (3/15)

Altars:
Ru


Innate Abilities, Weirdness & Mutations

You have a pair of horns on your head.
You cannot study or use magical devices.
You reflexively headbutt those who attack you in melee.


Message History

You kill the goblin!
You hit the ball python.
The ball python is stunned by your conviction and fails to attack. x2
You closely miss the ball python.
The ball python is heavily wounded.
The ball python is stunned by your conviction and fails to attack.
The ball python closely misses you. The ball python grabs you.
The ball python constricts you.
You hit the ball python.
You kill the ball python!
You slash the rat!
You kill the rat!
You slash the endoplasm!
You kill the endoplasm!
No target in view!
No target in view!
No target in view!
No target in view!
Things that are here:
a +0 dagger; a goblin corpse
Things that are here:
a ball python corpse; a hobgoblin corpse
g - 3 emerald potions (gained 2)
Things that are here:
a ball python corpse; a hobgoblin corpse Done exploring.
Done exploring.
There is a stone staircase leading down here.
You climb downwards.
There is a stone staircase leading up here.
Found a scale mail.
No target in view!
No target in view!
You now have 72 gold pieces (gained 9).
A quokka comes into view.
Welcome back, rocky1 the Minotaur Gladiator.
Ru says: Cut away your false body!
Press ? for a list of commands and other information.
A quokka is nearby!
Are you sure you want to abandon this character and quit the game? (Confirm with "yes".)

......# 8... .....8
#... ....# #... #...#
##... ##...## #8...
#8...8###
#r##...#####...##.###
....................#
#...$.@............#
#........######....####
#........# #.....<..
#........# #.≈≈..≈.≈###
###########.≈≈≈..≈≈≈.#
#≈≈≈≈≈.....#
#.≈≈♣≈≈≈≈.≈#
###≈.≈.≈≈≈.[
≈.≈≈≈≈..♣.#


You could see a quokka (wandering).

Vanquished Creatures
  2 adders (D:2)
  4 dart slugs
  3 ball pythons
  3 bats (D:1)
  6 endoplasms
  3 giant cockroaches (D:1)
  9 hobgoblins
  2 kobolds (D:1)
  2 quokkas (D:1)
  2 frilled lizards (D:2)
  5 goblins
  8 rats
49 creatures vanquished.

Notes
Turn   | Place    | Note
-------+----------+-------------------------------------------
     0 | D:1      | rocky1 the Minotaur Gladiator began the quest for the Orb.
     0 | D:1      | Reached XP level 1. HP: 18/18 MP: 0/0
   188 | D:1      | Reached skill level 4 in Axes
   192 | D:1      | Reached XP level 2. HP: 25/25 MP: 1/1
   531 | D:1      | Reached skill level 5 in Axes
   555 | D:1      | Found a faded altar of an unknown god.
   558 | D:1      | Reached XP level 3. HP: 30/30 MP: 2/2
   567 | D:1      | Prayed at the altar of an unknown god.
   567 | D:1      | Became a worshipper of Ru the Awakened
   571 | D:1      | Gained mutation: You cannot study or use magical devices.
                  | [Ru sacrifice]
   571 | D:1      | Reached * piety under Ru
   571 | D:1      | Reached ** piety under Ru
  1637 | D:2      | Reached skill level 6 in Axes
  1637 | D:2      | Reached XP level 4. HP: 35/37 MP: 3/3
  1818 | D:3      | Quit the game

Illustrated notes

Levels and vault maps discovered:
D:1:      beargit_arrival_diablo_church, layout_loops_ring,
          hellmonk_ecumenical_altar_slurped_away, minmay_hedge_maze
D:2:      minmay_diamond_boxcup, layout_loops_ring, serial_glass,
          glass_columns_a, glass_columns_c
D:3:      layout_basic, serial_corexii_hall, corexii_hall_statues_l,
          corexii_hall_statues_t, chequers_hall_statues_wall_a,
          corexii_hall_statues_u, chequers_serial_rivers_marsh

Skill      XL: |  1  2  3 |
---------------+----------+-----
Axes           | 4 5 6 |  6.1
Fighting       | |  2.4
Throwing       | |  2.0
Dodging        | |  3.2

Action                   |  1- 3 |  4- 6 || total
-------------------------+-------+-------++-------
Melee: War axe           |    84 |    10 ||    94
       Headbutt          |    14 |       ||    14
Invok: Sacrifice Artific |     1 |       ||     1
Armor: Scale mail        |    27 |     2 ||    29
Dodge: Dodged            |    43 |     7 ||    50
